 Dungeon Crawl Stone Soup version 0.29-a0-857-g9b1aa3ac5b (webtiles) character file.

Game seed: 1484399765388286006

69988 reriks the Acrobat (level 14, -6/77 HPs)
             Began as a Spriggan Hunter on July 16, 2022.
             Was an Initiate of Gozag.
             Killed from afar by Jorgrun (44 damage)
             ... with a blast of rock fragments
             ... on level 2 of the Orcish Mines.
             The game lasted 01:03:53 (40989 turns).

reriks the Acrobat (Spriggan Hunter)               Turns: 40989, Time: 01:03:53

Health: -6/77      AC:  8    Str: 11    XL:     14   Next: 92%
Magic:  15/15      EV: 39    Int: 11    God:    Gozag
Gold:   2735       SH:  0    Dex: 19    Spells: 13/13 levels left

rFire   + + +      SeeInvis +   g - +8 hand crossbow (vorpal)
rCold   . . .      Faith    .   (no shield)
rNeg    . . .      Spirit   .   Y - +2 robe {rF+}
rPois   .          Reflect  .   v - +1 hat
rElec   .          Harm     .   Z - +2 cloak {rF+}
rCorr   .          Rampage  .   (gloves unavailable)
Will    +++..                   (boots unavailable)
Stlth   +++++++...              (no amulet)
HPRegen 0.22/turn               m - ring "Ralew" {rF+ Will+}
MPRegen 0.14/turn               w - +4 ring of evasion

@: very quick
A: very small, no large weapons, unfitting armour, see invisible, speed 3
a: Renounce Religion, Potion Petition, Call Merchant, Bribe Branch


You were on level 2 of the Orcish Mines.
You worshipped Gozag.
Gozag was most pleased with you.
You visited 4 branches of the dungeon, and saw 22 of its levels.
You also visited: Volcano.

You collected 5751 gold pieces.
You spent 1254 gold pieces at shops.
You paid 1762 gold pieces to Gozag.

Inventory:

Hand Weapons
 a - a +0 shortbow of flaming
 g - a +8 vorpal hand crossbow (weapon)
Missiles
 H - 3 throwing nets
Armour
 v - a +1 hat (worn)
 A - +1 acid dragon scales
 I - an orb of mayhem
 Y - a +2 robe of fire resistance (worn)
 Z - a +2 cloak of fire resistance (worn)
Jewellery
 m - the ring "Ralew" (left hand) {rF+ Will+}
   (You found it on level 3 of the Dungeon)

   [ring of protection from fire]

   rF:        It protects you from fire.
   Will:      It increases your willpower.
 w - a +4 ring of evasion (right hand)
 C - a +4 ring of evasion
 F - a ring of ice
 L - a ring of poison resistance
 N - a +6 ring of intelligence
 Q - a ring of ice
 R - a ring of ice
Wands
 l - a wand of iceblast (29)
 n - a wand of flame (66)
 q - a wand of light (18)
 G - a wand of mindburst (19)
Scrolls
 b - 5 scrolls of immolation
 c - a scroll of enchant armour
 d - 4 scrolls of amnesia
 h - 13 scrolls of teleportation
 r - 10 scrolls of identify
 s - 3 scrolls of summoning
 x - a scroll of fear
 y - 5 scrolls of magic mapping
 J - 3 scrolls of brand weapon
 O - a scroll of blinking
 P - 3 scrolls of fog
 T - 2 scrolls of enchant weapon
 V - a scroll of noise {unknown}
Potions
 e - 2 potions of brilliance
 f - 6 potions of curing
 i - 4 potions of haste
 j - 3 potions of attraction
 k - 5 potions of heal wounds
 o - 2 potions of berserk rage
 p - 4 potions of might
 t - 5 potions of degeneration
 u - a potion of flight {unknown}
 z - 5 potions of magic {unknown}
 B - 4 potions of lignification {unknown}
 D - 2 potions of cancellation {unknown}
 E - 3 potions of mutation {unknown}
 K - a potion of ambrosia {unknown}
 M - 4 potions of invisibility {unknown}
 U - a potion of experience
 W - a potion of resistance {unknown}


   Skills:
 + Level 10.1 Fighting
 * Level 16.5 Ranged Weapons
 + Level 21.1 Dodging
 + Level 17.5 Stealth


You had 13 spell levels left.
You didn't know any spells.
Your spell library contained the following spells:

 Spells                   Type           Power      Damage    Failure   Level
 Summon Small Mammal      Summ           0%         N/A       34%         1
 Call Canine Familiar     Summ           0%         N/A       71%         3
 Summon Guardian Golem    Hex/Summ       0%         N/A       71%         3
 Anguish                  Hex/Necr       0%         N/A       98%         4
 Summon Lightning Spire   Summ/Air       0%         N/A       98%         4
 Enfeeble                 Hex            0%         N/A       100%        7
 Storm Form               Tmut/Air       0%         N/A       100%        7
 Maxwell's Capacitive Co  Air            0%         ∞         100%        8


Dungeon Overview and Level Annotations

Branches:
Dungeon (13/15)            Temple (1/1) D:4            Lair (6/6) D:9
  Swamp (0/4) Lair:4       Spider (0/4) Lair:3        Slime (0/5) Lair:6
    Orc (2/2) D:12        Volcano (visited)
    Elf: Orc:2       Vaults: D:13-14

Altars:
Ashenzari
Cheibriados
Dithmenos
Elyvilon
Fedhas
Gozag
Hepliaklqana
Kikubaaqudgha
Makhleb
Nemelex Xobeh
Okawaru
Qazlal
Ru
Sif Muna
Trog
Uskayaw
Vehumet
Wu Jian
Xom
Yredelemnul
Zin
The Shining One
Jiyva

Shops:
Orc:1 (*   Lair:2 [   Lair:6 ?

Portals:
Abyss: Lair:2

Annotations:
D:10 1 runed translucent door, 4 transporters, kkgakdfjhgaksdf's ghost, novice DgAr
Lair:1 2 transporters
Lair:2 2 transporters, Mistam's ghost, journeyman TeCj
Lair:5 1 runed translucent door
Orc:2 Jorgrun


Innate Abilities, Weirdness & Mutations

You are very small and have problems with some larger weapons.
You are too small for most types of armour.
You have supernaturally acute eyesight. (SInv)
You cover ground extremely quickly. (Speed+++)


Message History

You start waiting.
Done waiting.
What are your orders? t - Shout!
Orders for allies: a - Attack new target. r - Retreat! s - Stop attacking. g - Guard the area. f - Follow me.
Anything else - Cancel.
You shout for attention!
You start waiting.
Done waiting.
You shoot a bolt. The bolt hits Jorgrun!
Jorgrun is lightly wounded.
Jorgrun mutters some incantations to himself.
You shoot a bolt. The bolt closely misses Jorgrun.
You shoot a bolt. The bolt hits Jorgrun!!
Jorgrun is moderately wounded.
You shoot a bolt. The bolt hits Jorgrun!!
Jorgrun is severely wounded.
Jorgrun casts a spell at you.
Roots burst forth from the earth!
The grasping roots grab you! The grasping roots constrict you.
You shoot a bolt. The bolt misses Jorgrun.
The grasping roots constrict you!
You escape the roots grasp.
You shoot a bolt. The bolt hits Jorgrun!!
Jorgrun is almost dead.
Jorgrun gestures next to you while chanting.
The wall shatters!
The blast of rock fragments hits you!!
You are too injured to fight recklessly!
Fire: g) +8 hand crossbow (vorpal)
Press: ? - help, Q - select action, (/) - cycle Shift-Dir - straight line, f/p - Jorgrun
Aim: Jorgrun, wielding a staff of earth and wearing a +2 robe of resistance (severely wounded, 67% to hit)
You shoot a bolt. The bolt misses Jorgrun.
Jorgrun mutters some incantations to himself.
Jorgrun points next to you and mumbles some strange words.
The wall shatters!
The blast of rock fragments hits you!!!
Ouch! That really hurt!
You die...
Your body crumbles into a pile of gold.

## ## ############## ##
..##.##....#.##$##.###.#
....................#.#
.....................##
.......##..........<..#
................@....##
................#..###
.................###
..$.<...........$#
##.$.....g........#
#$.....$........##
#......$.........#
..........##......
..................


You could see Jorgrun.

Vanquished Creatures
  Harold (Lair:1)
  7 hydras
  A two-headed ogre (D:8)
  A catoblepas (Lair:6)
  An anaconda (Lair:6)
  An alligator (Lair:6)
  12 death yaks
  A deep troll shaman (Lair:6)
  Sonja (Lair:6)
  A fire crab (shapeshifter) (D:12)
  4 skeletal warriors (D:11)
  2 bog bodies (Lair:4)
  6 wizards
  A lindwurm (Lair:6)
  A necromancer (Lair:5)
  3 orc knights
  2 deep elf pyromancers
  An orc sorcerer (Orc:2)
  5 manticores
  A cyclops (D:9)
  4 black mambas
  17 elephants
  5 toenail golems (Volcano)
  A torpor snail (Lair:5)
  10 cane toads
  Maggie (D:10)
  3 rime drakes
  An unseen horror (D:12)
  7 komodo dragons
  Prince Ribbit (D:7)
  3 trolls
  5 polar bears
  2 hornets
  16 blink frogs
  Grinder (D:4)
  46 yaks
  5 wyverns
  4 wraiths
  8 basilisks
  4 wargs (Orc:1)
  6 vampire mosquitoes
  3 acid dragons
  25 water moccasins
  18 orc warriors
  4 ice beasts
  A black bear (Lair:6)
  A sky beast (D:8)
  6 ogres
  14 wolves
  10 centaurs
  A phantom (D:6)
  6 kobold brigands
  10 bullfrogs
  2 gnoll sergeants
  10 scorpions
  3 necrophages
  13 killer bees
  A howler monkey (D:12)
  4 electric eels
  A jelly (D:7)
  13 orc priests
  4 hounds
  5 iguanas
  Ijyb (D:3)
  15 orc wizards
  4 polar bear simulacra (Lair:5)
  6 wolf simulacra (Lair:5)
  Robin (D:4)
  9 gnolls
  4 adders
  2 white imps
  2 ufetubi (D:5)
  3 worms
  4 dart slugs
  88 orcs
  5 ball pythons
  6 bats
  8 endoplasms
  7 giant cockroaches
  15 goblins
  11 hobgoblins
  23 kobolds
  5 quokkas (D:1)
  2 frilled lizards
  3 rats
582 creatures vanquished.

Vanquished Creatures (others)
  A dancing weapon (Volcano)
  92 fungi
  102 plants
195 creatures vanquished.

Grand Total: 777 creatures vanquished

Notes
Turn   | Place    | Note
-------+----------+-------------------------------------------
     0 | D:1      | reriks the Spriggan Hunter began the quest for the Orb.
     0 | D:1      | Reached XP level 1. HP: 10/10 MP: 2/2
   306 | D:1      | Reached skill level 3 in Dodging
   306 | D:1      | Reached XP level 2. HP: 15/15 MP: 3/3
  1257 | D:1      | Reached XP level 3. HP: 18/18 MP: 4/4
  3663 | D:2      | Found a faded altar of an unknown god.
  4310 | D:3      | Identified a scroll of acquirement
  4310 | D:3      | Acquired a +4 vorpal hand crossbow
  4582 | D:3      | Identified the ring "Ralew" {rF+ Will+}
  4604 | D:3      | Noticed Ijyb
  4605 | D:3      | Killed Ijyb
  4606 | D:3      | Reached XP level 4. HP: 23/23 MP: 5/5
  4614 | D:3      | Reached skill level 4 in Dodging
  5290 | D:3      | Found a sparkling altar of Nemelex Xobeh.
  5419 | D:3      | Found a stormy altar of Qazlal.
  5482 | D:3      | Found a glowing golden altar of the Shining One.
  5643 | D:3      | Found a snail-covered altar of Cheibriados.
  5674 | D:4      | Noticed a necrophage
  5677 | D:4      | Killed a necrophage
  5678 | D:4      | Reached XP level 5. HP: 27/27 MP: 6/6
  5794 | D:4      | Found a staircase to the Ecumenical Temple.
  5836 | D:3      | Reached skill level 5 in Ranged Weapons
  5836 | D:3      | Reached XP level 6. HP: 32/32 MP: 7/7
  5999 | D:4      | Noticed Grinder
  6027 | D:4      | Killed Grinder
  6028 | D:4      | Reached skill level 5 in Dodging
  6028 | D:4      | Reached skill level 5 in Stealth
  6196 | D:4      | Noticed Robin
  6220 | D:4      | Killed Robin
  6227 | Temple   | Entered the Ecumenical Temple
  6585 | D:4      | Reached XP level 7. HP: 36/36 MP: 8/8
  7640 | D:4      | Found an ornate altar of the Wu Jian Council.
  7708 | D:4      | Found a snail-covered altar of Cheibriados.
  7816 | D:4      | Found a shimmering altar of Xom.
  7816 | D:4      | Found an opulent altar of Gozag.
  7818 | D:4      | Found a sacrificial altar of Ru.
  7818 | D:4      | Found a shimmering altar of Xom.
  7818 | D:4      | Found an opulent altar of Gozag.
  7961 | D:5      | Entered Level 5 of the Dungeon
  8031 | D:5      | Reached skill level 6 in Dodging
  8320 | D:4      | Reached XP level 8. HP: 42/42 MP: 9/9
  9122 | D:6      | Reached skill level 7 in Dodging
  9201 | D:6      | Found a glowing silver altar of Zin.
 10084 | D:7      | Noticed Prince Ribbit
 10096 | D:7      | Reached XP level 9. HP: 46/46 MP: 10/10
 10096 | D:7      | Killed Prince Ribbit
 10316 | D:7      | Reached skill level 5 in Fighting
 10433 | D:7      | Found a blossoming altar of Fedhas.
 10474 | D:7      | Noticed a boulder beetle
 10823 | D:7      | Reached skill level 8 in Dodging
 11285 | D:8      | Found a shadowy altar of Dithmenos.
 11818 | D:8      | Reached skill level 9 in Dodging
 12704 | D:8      | Reached skill level 10 in Dodging
 12821 | D:8      | Identified the +3 quarterstaff of Causality {flame, rN+
                  | Str-5 Dex+4}
 12960 | D:9      | Found a broken altar of Ashenzari.
 12962 | D:9      | Noticed a two-headed ogre
 13191 | D:8      | Killed a two-headed ogre
 13192 | D:8      | Reached skill level 11 in Dodging
 13192 | D:8      | Reached skill level 10 in Stealth
 13192 | D:8      | Reached XP level 10. HP: 53/53 MP: 11/11
 13625 | D:9      | Found a shimmering blue altar of Sif Muna.
 13703 | D:9      | Reached skill level 12 in Dodging
 13725 | D:9      | Found a staircase to the Lair.
 13876 | Temple   | Became a worshipper of Gozag Ym Sagoz the Greedy
 13992 | D:9      | Reached skill level 10 in Ranged Weapons
 14118 | D:9      | Noticed a cyclops
 14123 | D:9      | Killed a cyclops
 14138 | D:9      | Noticed a manticore
 14384 | D:9      | Reached skill level 13 in Dodging
 14791 | D:9      | Killed a manticore
 14966 | D:9      | Identified the +3 ring mail of the Distant Future {rF+ rN+
                  | Str+2 Dex+3}
 15090 | D:9      | Noticed a manticore
 15093 | D:9      | Killed a manticore
 15094 | D:9      | Reached skill level 14 in Dodging
 15751 | Lair:1   | Entered Level 1 of the Lair of Beasts
 16294 | Lair:1   | Reached XP level 11. HP: 58/58 MP: 12/12
 16920 | Lair:1   | Reached skill level 15 in Dodging
 17509 | Lair:1   | Noticed Harold
 17526 | Lair:1   | Killed Harold
 17837 | Lair:1   | Reached skill level 16 in Dodging
 18768 | Lair:1   | Found a transporter.
 18770 | Lair:1   | Found a transporter.
 18779 | Lair:1   | Noticed a boulder beetle
 18779 | Lair:1   | Noticed a boulder beetle
 19206 | Lair:2   | Reached skill level 17 in Dodging
 19483 | Lair:2   | Found a transporter.
 19484 | Lair:2   | Noticed a rakshasa
 19485 | Lair:2   | Found the +8 demon trident "Rift" {distort, reach+}
 19488 | Lair:2   | Found a transporter.
 19493 | Lair:2   | Noticed a spriggan rider
 19494 | Lair:2   | Noticed a green ugly thing
 19513 | Lair:2   | Found a one-way gate to the infinite horrors of the Abyss.
 19513 | Lair:2   | Noticed Mistam's ghost (journeyman TeCj)
 19649 | Lair:2   | Noticed a death yak
 19699 | Lair:2   | Killed a death yak
 19712 | Lair:2   | Noticed a death yak
 19715 | Lair:2   | Noticed a death yak
 19728 | Lair:2   | Killed a death yak
 19730 | Lair:2   | Killed a death yak
 19731 | Lair:2   | Reached XP level 12. HP: 63/63 MP: 13/13
 20062 | Lair:2   | Noticed a cacodemon
 20079 | Lair:3   | Noticed a five-headed hydra
 20090 | Lair:3   | Killed a five-headed hydra
 20329 | Lair:3   | Reached skill level 18 in Dodging
 20491 | Lair:3   | Noticed a death yak
 20494 | Lair:3   | Noticed a death yak
 20494 | Lair:3   | Noticed a death yak
 20513 | Lair:3   | Killed a death yak
 20556 | Lair:3   | Killed a death yak
 20569 | Lair:3   | Noticed a death yak
 20590 | Lair:3   | Killed a death yak
 20593 | Lair:3   | Noticed a death yak
 20610 | Lair:3   | Killed a death yak
 20655 | Lair:3   | Killed a death yak
 21021 | Lair:3   | Identified the +7 hand axe "Muag" {vorpal, SInv}
 21375 | Lair:3   | Identified the +2 robe of Douluif {rC+ Str+4 Int+3}
 21533 | Lair:3   | Found a shadowy altar of Dithmenos.
 22015 | Lair:3   | Noticed a five-headed hydra
 22054 | Lair:3   | Killed a five-headed hydra
 22055 | Lair:3   | Reached skill level 19 in Dodging
 22506 | Lair:3   | Found a hole to the Spider Nest.
 22720 | Lair:3   | Noticed a death yak
 22803 | Lair:3   | Killed a death yak
 23176 | D:10     | Entered Level 10 of the Dungeon
 23386 | D:10     | Found a runed translucent door.
 23386 | D:10     | Noticed kkgakdfjhgaksdf's ghost (novice DgAr)
 23430 | D:10     | Noticed Maggie
 23433 | D:10     | Killed Maggie
 23640 | D:10     | Reached XP level 13. HP: 68/68 MP: 14/14
 23824 | D:10     | Found a transporter.
 23825 | D:10     | Found a transporter.
 23828 | D:10     | Found a transporter.
 23945 | D:10     | Found a transporter.
 24742 | D:11     | You fall into a shaft and drop 2 floors!
 25165 | D:11     | Identified the +1 leather armour "Sealoteta" {Will+ Dex+4}
 27003 | D:12     | Found a staircase to the Orcish Mines.
 27043 | D:12     | Reached skill level 15 in Stealth
 28671 | D:12     | Reached skill level 20 in Dodging
 28953 | Orc:1    | Entered Level 1 of the Orcish Mines
 29413 | Orc:1    | Found Eercuty's Eclectic Emporium.
 29590 | Orc:1    | Bought a potion of experience for 750 gold pieces
 29590 | Orc:1    | Bought a scroll of enchant weapon for 112 gold pieces
 29806 | Orc:2    | Entered Level 2 of the Orcish Mines
 29822 | Orc:2    | Noticed Jorgrun
 30683 | Orc:1    | Found Oclo Ryo's Weapon Shoppe.
 32543 | Lair:4   | Reached skill level 15 in Ranged Weapons
 32650 | Lair:4   | Found a staircase to the Swamp.
 32836 | Lair:4   | Identified the +4 spear "Jema Poxes" {flame, rPois rN+
                  | Int+4}
 33766 | Lair:5   | Reached XP level 14. HP: 75/75 MP: 15/15
 34959 | Lair:5   | Found a runed translucent door.
 35756 | Lair:6   | Entered Level 6 of the Lair of Beasts
 35775 | Lair:6   | Found a dark tunnel.
 35784 | Volcano  | Entered a volcano
 36169 | Volcano  | Identified the +5 whip "Gimuph" {venom, Int+6}
 37309 | Lair:6   | Noticed Sonja
 37311 | Lair:6   | Killed Sonja
 37637 | Lair:6   | Found a staircase to the Slime Pits.
 37638 | Lair:6   | Found a viscous altar of Jiyva.
 38472 | Lair:6   | Reached skill level 21 in Dodging
 38636 | Lair:6   | Reached skill level 10 in Fighting
 40460 | Lair:6   | Bought a scroll of brand weapon for 152 gold pieces
 40460 | Lair:6   | Bought a scroll of enchant weapon for 120 gold pieces
 40460 | Lair:6   | Bought a scroll of magic mapping for 120 gold pieces
 40989 | Orc:2    | Killed from afar by Jorgrun

Illustrated notes

Levels and vault maps discovered:
D:1:      ncdulo_halloftheorcs, layout_rooms, minmay_pentomino_x4
D:2:      layout_loops_ring, shapermc_ecumenical_altar_mp_ritualfount
D:3:      layout_basic, lemuel_tele_altar, nicolae_qazlal_eye_of_the_storm,
          mainiacjoe_overflow_alcove_2, nemelex_xobeh_ov_fountains_minmay,
          hangedman_decor_points, uniq_ijyb
D:4:      layout_loops_ring, nicolae_overflow_crystal_walls,
          doesnt_xom_only_xom, minmay_temple_entry_slanted, uniq_grinder,
          uniq_robin
D:5:      layout_rooms
D:6:      layout_rooms, old_standard_altar
D:7:      layout_loops_ring, fedhas_altar_2, uniq_prince_ribbit1
D:8:      layout_basic, grunt_dithmenos_smoke_and_mirrors, item_on_display_a
D:9:      minmay_shrinking_squares, layout_irregular_city, led_sif_book,
          lemuel_doored_altar, due_lair_maze_entry_diamond
D:10:     layout_loops_ring, ebering_ghost_inner_flame,
          minmay_misc_feat_encased, nicolae_diode_quadrants, uniq_maggie
D:11:     nicolae_cairo_tiling_very_big, layout_gridville, special_room
          [special_room_orc]
D:12:     minmay_textured_paths, layout_basic, david_orc_5, minivault_5,
          minmay_fractal_squares_gapless_7
D:13:     layout_loops_ring, minmay_diced_spiral
Temple:   nicolae_temple_ecumenical_triangle
Lair:1:   gammafunk_boulding_lane, layout_regular_city,
          dreamdust_mushroom_princess, grunt_megastairs_3, uniq_harold
Lair:2:   layout_regular_city, gammafunk_ghost_abyssal_escape
Lair:3:   nzn_winding_woodlands_cross
          [nzn_winding_woodlands_5x15_river_crossing,
          nzn_winding_woodlands_5x15_pool, nzn_winding_woodlands_5x15_parted,
          nzn_winding_woodlands_5x15_cabin,
          nzn_winding_woodlands_15x15_eel_pit], layout_small_grid,
          nicolae_spider_entry_non_spiders, lemuel_centaur_altar
Lair:4:   layout_regular_city, skrybe_swamp_entry_bodies
Lair:5:   gammafunk_indiana_jones, layout_cellular_growth,
          eino_house_with_fridge
Lair:6:   grunt_lair_end_beastmaster, layout_regular_city, slime_entry_1,
          nicolae_volcano_entry_lava_flow, nicolae_lair_lakeside_cave,
          uniq_sonja
Orc:1:    layout_diamond_mine, serial_shops, nicolae_shop_bloodbath_and_beyond,
          nicolae_alphabet_shops
Orc:2:    st_orc_congregation, layout_caves, mines2_david, uniq_jorgrun

Skill      XL: |  1  2  3  4  5  6  7  8  9 10 11 12 13 14 |
---------------+-------------------------------------------+-----
Stealth        | 2 3 4 5 6 8 10 11 13 14 16 17 | 17.5
Dodging        | 3 4 5 6 7 11 14 17 19 20 21 | 21.1
Fighting       | 2 3 4 5 6 7 8 9 10 | 10.1
Ranged Weapons | 5 6 8 9 10 12 13 15 16 | 16.5

Action                   |  1- 3 |  4- 6 |  7- 9 | 10-12 | 13-15 || total
-------------------------+-------+-------+-------+-------+-------++-------
 Fire: Shortbow          |   100 |       |       |       |       ||   100
       Hand crossbow     |     5 |    55 |   214 |   486 |   818 ||  1578
Invok: Call Merchant     |       |       |       |       |     2 ||     2
Evoke: Wand              |       |       |       |       |     3 ||     3
  Use: Scroll            |     7 |       |     9 |     5 |     8 ||    29
Armor: Robe              |     2 |     2 |     1 |       |       ||     5
       Acid dragon scale |       |       |     6 |    12 |    11 ||    29
Dodge: Dodged            |    12 |     6 |    46 |   198 |   148 ||   410

Table legend: (Time is in decaauts)
 A = Elapsed time spent in this place.
 B = Non-inter-level travel time spent in this place.
 C = Inter-level travel time spent in this place.
 D = Time resting spent in this place.
 E = Time spent auto-exploring this place.
 F = Levels seen in this place.
 G = Mean time per level.
                   A        B        C        D        E       F      G
               +--------+--------+--------+--------+--------+-----+--------+
         Total |  35040 |  33931 |   1109 |  22248 |   7362 |  23 | 1523.5 |
       Dungeon |  19105 |  18381 |    724 |  12172 |   4064 |  13 | 1469.6 |
        Temple |     86 |     69 |     17 |      0 |      0 |   1 |   86.0 |
          Lair |  12739 |  12458 |    281 |   7870 |   2985 |   6 | 2123.2 |
  Orcish Mines |   2714 |   2628 |     86 |   2028 |    276 |   2 | 1357.0 |
       Volcano |    394 |    394 |      0 |    176 |     36 |   1 |  394.0 |
               +--------+--------+--------+--------+--------+-----+--------+

Top non-repeatable levels by time:
  Lair:6: 3408 daAuts
  Lair:3: 2674 daAuts
  Lair:1: 2452 daAuts
    D:12: 2400 daAuts
     D:1: 2369 daAuts
  Lair:5: 2324 daAuts
     D:9: 2260 daAuts
     D:4: 2159 daAuts
   Orc:1: 1970 daAuts
     D:8: 1946 daAuts
    D:11: 1750 daAuts
     D:2: 1523 daAuts
     D:3: 1241 daAuts
     D:7: 1171 daAuts
  Lair:4: 1045 daAuts
